Construct Infanterie Kompanie
Construct Panzergrenadier Kompanie
Nebelwerfer 42 Rocket Launcher Team
Nebelwerfer 42 Rocket Launcher Team
Construct Panzer Kompanie
Pak 40 Anti-tank Gun Team
Selects Luftwaffe Battlegroup
Selects Reconnaissance Run
Selects Fallschirmjäger Squad Paradrop
Selects Fragmentation Bombs
Selects Luftwaffe Pioneer Support
Selects LG40 Recoilless Gun Paradrop
Fallschirmpioneer Squad Paradrop
Pak 40 Anti-tank Gun Team
Fallschirmjäger Squad Paradrop